 Dungeon Crawl Stone Soup version 0.28-a0-479-g5baa6b73be (webtiles) character file.

Game seed: 14710315027735759183

27 willcat the Sneak (level 3, -6/26 HPs)
             Began as an Octopode Delver on Sept 19, 2021.
             Mangled by a killer bee (10 damage)
             ... on level 5 of the Dungeon.
             The game lasted 00:00:44 (264 turns).

willcat the Sneak (Octopode Delver)                  Turns: 264, Time: 00:00:44

Health: -6/26      AC:  1    Str: 11    XL:     3   Next: 10%
Magic:  3/3        EV: 13    Int: 13    God:
Gold:   19         SH:  0    Dex: 13    Spells: 2/2 levels left

rFire   . . .      SeeInvis .   a - +0 short sword
rCold   . . .      Faith    .   (no shield)
rNeg    . . .      Spirit   .   (helmet restricted)
rPois   .          Reflect  .   (no amulet)
rElec   .          Harm     .   (no ring)
rCorr   .          Rampage  .   (no ring)
Will    .....                   (no ring)
Stlth   ++++......              (no ring)
HPRegen 0.08/turn               (no ring)
MPRegen 0.08/turn               (no ring)
                                (no ring)
                                (no ring)

@: flying
A: almost no armour, amphibious, 8 rings, camouflage 1, gelatinous body 1,
(nimble swimmer 1), tentacles
a: no special abilities


You were on level 5 of the Dungeon.
You visited 1 branch of the dungeon, and saw 2 of its levels.

You collected 19 gold pieces.

Inventory:

Hand Weapons
 a - a +0 short sword (weapon)
Wands
 f - a wand of digging (2)
Scrolls
 b - 2 scrolls of fog
 c - a scroll of magic mapping
 d - a scroll of teleportation {unknown}
Potions
 e - a potion of haste
 g - a potion of flight


   Skills:
 - Level 3.0 Fighting
 + Level 2.5 Short Blades
 + Level 2.5 Dodging
 + Level 7.0 Stealth


You had 2 spell levels left.
You didn't know any spells.
Your spell library contained the following spells:

 Spells                   Type           Power      Damage    Failure   Level
 Ensorcelled Hibernation  Hex/Ice        0%         N/A       43%         2
 Gell's Gravitas          Tloc           0%         N/A       67%         3
 Teleport Other           Tloc           0%         N/A       67%         3
 Tukima's Dance           Hex            0%         N/A       67%         3
 Dispersal                Tloc           0%         N/A       100%        6


Dungeon Overview and Level Annotations

Branches:
Dungeon (6/15)
 Temple: D:4-7

Altars:


Innate Abilities, Weirdness & Mutations

You cannot wear most types of armour.
You are amphibious.
You can wear up to eight rings at the same time.
Your skin changes colour to match your surroundings (Stealth+).
Your rubbery body absorbs attacks. (AC +1, EV +1)
((You are camouflaged near water. (Stealth+)))
You have tentacles for arms and can constrict up to eight enemies at once.


Message History

Found a ring mail.
The centaur zombie hits you.
The centaur zombie completely misses you.
Things that are here:
a +0 dagger; a +0 robe; an orc corpse Unknown command.
Okay, then.
Aiming: Dig
Press: ? - help, Shift-Dir - straight line A rock wall.
The rock shatters into small pieces. 2 orcs come into view.
The centaur zombie hits you.
The centaur zombie completely misses you.
The centaur zombie barely misses you. x2
Found a stone staircase leading up.
The centaur zombie closely misses you. The centaur zombie kicks you.
The black bear closely misses you. x3
An orc comes into view. It is wielding a +0 whip.
An orc warrior comes into view. It is wielding a +0 flail.
The orc hits you with a +0 whip.
There is a stone staircase leading up here.
You climb upwards.
Found a scroll labelled EGAJOOCK CELI.
There is a stone staircase leading down here.
Unknown command.
The killer bee stings you. The orc closely misses you.
Found a helmet and a scroll labelled ILAVOD HOMERAU.
The killer bee stings you. The killer bee stings you.
* * * LOW HITPOINT WARNING * * *
You barely miss the killer bee. Your grab misses the killer bee.
The killer bee barely misses you. x2
Unknown command.
The killer bee stings you.
* * * LOW HITPOINT WARNING * * *
It was a potion of flight.
You feel very buoyant.
You fly up into the air.
The killer bee closely misses you. The killer bee barely misses you.
Found a spear.
The killer bee stings you!
You die...

# ...
........#?...
..... .........D.
..... . #.........
.... ..#.........
.... ...........#
.... #.##....##.#
...y .......>#..##
##.. ..###...##..#
. #....##@.#....
#...#..y........
......#.o...##[..)
..#...#...#.......
.......#.###..?...
....##.#.. .....
.... #.... ...##
#..... ....# ....#
...


You could see a steam dragon (asleep), a killer bee and an orc.

Vanquished Creatures
  An orc wizard (D:6)
  An orc (D:5)
2 creatures vanquished.

Notes
Turn   | Place    | Note
-------+----------+-------------------------------------------
     0 | D:5      | willcat the Octopode Delver began the quest for the Orb.
     0 | D:5      | Reached XP level 1. HP: 16/16 MP: 1/1
     9 | D:5      | Noticed a killer bee
     9 | D:5      | Noticed a killer bee
    11 | D:5      | Noticed a killer bee
    12 | D:5      | Noticed a killer bee
    14 | D:5      | Noticed a killer bee
    18 | D:5      | Noticed a centaur
   211 | D:6      | Noticed a sky beast
   233 | D:6      | Noticed a black bear
   242 | D:6      | Noticed an orc wizard
   249 | D:6      | Killed an orc wizard
   250 | D:6      | Reached skill level 7 in Stealth
   250 | D:6      | Reached XP level 2. HP: 16/21 MP: 2/2
   250 | D:6      | Reached XP level 3. HP: 20/26 MP: 3/3
   253 | D:6      | Noticed an orc warrior
   257 | D:5      | Noticed a steam dragon
   264 | D:5      | Mangled by a killer bee

Illustrated notes

Levels and vault maps discovered:
D:5:      layout_cave_pools, lemuel_coloured_pillars_altar,
          cheibrodos_worm_habitat, hex_medium, kennysheep_generic_room_8
D:6:      layout_basic, minitemple

Skill      XL: |  1 |
---------------+----+-----
Stealth        | 7 |  7.0
Fighting       | |  3.0
Short Blades   | |  2.5
Dodging        | |  2.5

Action                   || total
-------------------------++-------
Melee: Short sword       ||     7
       Tentacles         ||     2
       Constrict         ||     1
Evoke: Wand              ||     1
  Use: Scroll            ||     1
       Potion            ||     1
Dodge: Dodged            ||    16

Table legend: (Time is in decaauts)
 A = Elapsed time spent in this place.
 B = Non-inter-level travel time spent in this place.
 C = Inter-level travel time spent in this place.
 D = Time resting spent in this place.
 E = Time spent auto-exploring this place.
 F = Levels seen in this place.
 G = Mean time per level.
                   A        B        C        D        E       F      G
               +--------+--------+--------+--------+--------+-----+--------+
         Total |    264 |    264 |      0 |      0 |    190 |   2 |  132.0 |
       Dungeon |    264 |    264 |      0 |      0 |    190 |   2 |  132.0 |
               +--------+--------+--------+--------+--------+-----+--------+

Top non-repeatable levels by time:
     D:6: 236 daAuts
     D:5: 27 daAuts
